 Dungeon Crawl Stone Soup version 0.29.1-15-g9cfb28693d (console) character file.

Game seed: 3225434050819391238

1034 om the Magician (level 8, -2/56 HPs)
             Began as a Djinni Fire Elementalist on Feb 16, 2023.
             Was an Initiate of Ashenzari.
             Slain by an elf zombie (3 damage)
             ... in an ossuary on Feb 21, 2023.
             The game lasted 00:15:03 (4981 turns).

om the Magician (Djinni Fire Elementalist)          Turns: 4981, Time: 00:15:03

Health: -2/56      AC:  2    Str:  7    XL:     8   Next: 48%
Gold:   181        EV: 13    Int: 18    God:    Ashenzari [......] SH:  0 Dex: 15

rFire   + + .      SeeInvis .   n - staff of conjuration
rCold   x . .      Faith    .   (no shield)
rNeg    . . .      Spirit   .   a - +0 robe
rPois   ∞          Reflect  .   (no helmet)
rElec   .          Harm     .   (no cloak)
rCorr   .          Rampage  .   (no gloves)
Will    .....                   (boots unavailable)
Stlth   ++........              (no amulet)
HPRegen 0.18/turn               (no ring)
MPRegen 0.00/turn               (no ring)

@: marked, flying
A: sickness immunity, fire resistance 2, cold vulnerability 1, float, innate
caster, HP casting, extra vitality 1
a: Renounce Religion


You were in an ossuary.
You worshipped Ashenzari.
Ashenzari was noncommittal.
You visited 2 branches of the dungeon, and saw 6 of its levels.
You also visited: Ossuary.

You collected 181 gold pieces.

Inventory:

Hand Weapons
 f - a +0 short sword
 k - a +3 sling
Armour
 a - a +0 robe (worn)
 q - the +1 scale mail "Lounteu" {rElec rPois rCorr}
   (You found it on level 2 of the Dungeon)

   rElec:     It insulates you from electricity.
   rPois:     It protects you from poison.
   rCorr:     It protects you from acid and corrosion.
Magical Staves
 n - a staff of conjuration (weapon)
Jewellery
 d - an amulet of faith
Scrolls
 e - a scroll of poison {unknown}
 i - a scroll of enchant weapon {unknown}
 l - a scroll of enchant armour {unknown}
 p - a scroll of blinking {unknown}
 s - a scroll of noise {unknown}
 t - a scroll of teleportation {unknown}
Potions
 b - a potion of curing {unknown}
 c - 2 potions of invisibility
 g - 2 potions of resistance
 j - a potion of heal wounds {unknown}
 m - a potion of attraction {unknown}
 o - a potion of brilliance
 r - a potion of magic {unknown}
 u - a potion of lignification {unknown}
 v - a potion of degeneration {unknown}


   Skills:
 - Level 3.0 Fighting
 - Level 4.0 Dodging
 - Level 3.0 Stealth
 * Level 6.1 Spellcasting
 + Level 1.7 Evocations


You couldn't memorise any spells.
You knew the following spells:

 Your Spells              Type           Power      Damage    Failure   Level
a - Foxfire               Conj/Fire      100%       2x1d9     1%          1
b - Scorch                Fire           54%        2d8       1%          2
c - Conjure Flame         Conj/Fire      41%        6-21      2%          3
d - Inner Flame           Hex/Fire       27%        N/A       2%          3
e - Flame Wave            Conj/Fire      41%        2d11      10%         4
f - Sandblast             Erth           54%        2d13      1%          1
g - Ensorcelled Hibernat  Hex/Ice        54%        N/A       1%          2
h - Teleport Other        Tloc           27%        N/A       2%          3
Your spell library was empty.

Dungeon Overview and Level Annotations

Branches:
Dungeon (5/15)             Temple (1/1) D:5         Ossuary (1/1)

Altars:
Ashenzari
Fedhas
Gozag
Hepliaklqana
Makhleb
Trog
Uskayaw
Xom
Yredelemnul
Zin
The Shining One

Shops:
D:4 [   D:5 =


Innate Abilities, Weirdness & Mutations

You are immune to sickness and miasma.
You are immune to poison.
Your flesh is very heat resistant. (rF++)
You are vulnerable to cold. (rC-)
You float through the air rather than walking.
You learn spells naturally, not from books.
Your magical power is your life essence.
You have superior vitality. (+4 MHP)


Message History

Casting: Flame Wave (dangerous; 10% risk of failure)
Confirm with . or Enter, or press ? or * to list all spells.
You feel a surge of power!
The fire begins to smoulder!
* * * LOW HITPOINT WARNING * * *
The fire ignites!
Casting: Conjure Flame (dangerous; 3% risk of failure)
Confirm with . or Enter, or press ? or * to list all spells.
You feel a surge of power!
The fire begins to smoulder!
* * * LOW HITPOINT WARNING * * *
The fire ignites!
The human zombie is engulfed in blazing flames.
The rat zombie is engulfed in blazing flames.
You destroy the rat zombie!
The elf zombie is engulfed in blazing flames.
You hit the human zombie.
The human zombie is almost destroyed.
The human zombie barely misses you.
You hit the human zombie but do no damage.
The human zombie is almost destroyed.
The human zombie barely misses you.
You hit the human zombie but do no damage.
The human zombie is almost destroyed.
The human zombie barely misses you.
You hit the human zombie.
You destroy the human zombie!
The elf zombie hits you.
* * * LOW HITPOINT WARNING * * *
You hit the elf zombie.
The elf zombie is almost destroyed.
The elf zombie hits you.
* * * LOW HITPOINT WARNING * * *
You hit the elf zombie.
The elf zombie is almost destroyed.
The goblin zombie is engulfed in blazing flames.
You destroy the goblin zombie!
The elf zombie closely misses you.
You barely miss the elf zombie.
The elf zombie is almost destroyed.
The elf zombie hits you.
You die...

######################
#...§..Z..∩∩.........#
#...Z...@............#
#..Z##############...#
#...# #...# #...#
#...# #...# #...#
#...# #...# #...#
#...# #...# #...#
#...# #...#


You could see a goblin zombie and 2 elf zombies.

Vanquished Creatures
  A wyvern (D:4)
  A black bear (D:5)
  2 ogres
  A phantom (D:4)
  A bullfrog (D:4)
  A howler monkey (D:4)
  A centaur zombie (Ossuary)
  A hound (D:5)
  A human zombie (Ossuary)
  2 orc priests
  2 iguanas (D:4)
  4 orc wizards
  A mummy (Ossuary)
  2 adders
  3 worms
  3 dart slugs
  9 orcs
  6 endoplasms
  6 giant cockroaches
  3 goblins
  8 hobgoblins
  3 jackals (D:2)
  10 kobolds
  4 quokkas
  6 ball pythons
  6 bats
  2 frilled lizards
  A goblin zombie (Ossuary)
  9 hobgoblin zombies (Ossuary)
  2 jackal zombies (Ossuary)
  7 kobold zombies (Ossuary)
  9 orc zombies (Ossuary)
  5 rats (D:1)
  A rat zombie (Ossuary)
124 creatures vanquished.

Vanquished Creatures (others)
  239 foxfires
239 creatures vanquished.

Grand Total: 363 creatures vanquished

Notes
Turn   | Place    | Note
-------+----------+-------------------------------------------
     0 | D:1      | om the Djinni Fire Elementalist began the quest for the
                  | Orb.
     0 | D:1      | om set off with the following spells memorised: Foxfire,
                  | Scorch, Conjure Flame, Inner Flame, Flame Wave.
     0 | D:1      | Reached XP level 1. HP: 15/15 MP: 0/0
   173 | D:1      | Reached XP level 2. HP: 13/21 MP: 0/0
   300 | D:1      | Upgraded the game from 0.29.1-14-g9c671dbff4 to
                  | 0.29.1-15-g9cfb28693d
   486 | D:1      | Reached XP level 3. HP: 20/25 MP: 0/0
   486 | D:1      | Learned a level 1 spell: Sandblast
  1107 | D:2      | Found a glowing silver altar of Zin.
  1159 | D:2      | Reached skill level 3 in Spellcasting
  1289 | D:2      | Reached XP level 4. HP: 20/31 MP: 0/0
  1488 | D:2      | Found a faded altar of an unknown god.
  1822 | D:2      | Identified the +1 scale mail "Lounteu" {rElec rPois rCorr}
  2655 | D:4      | Reached XP level 5. HP: 31/35 MP: 0/0
  2655 | D:4      | Learned a level 2 spell: Ensorcelled Hibernation
  2696 | D:4      | Found Vemnom's Antique Armour Emporium.
  2927 | D:4      | Found a transporter.
  2928 | D:4      | Found a transporter.
  2930 | D:4      | Noticed a bullfrog
  2962 | D:4      | Noticed a wyvern
  3091 | D:4      | Reached XP level 6. HP: 4/40 MP: 0/0
  3407 | D:4      | Noticed an ogre
  3414 | D:4      | Killed an ogre
  3415 | D:4      | Reached skill level 4 in Spellcasting
  3592 | D:4      | Reached XP level 7. HP: 34/45 MP: 0/0
  3592 | D:4      | Learned a level 3 spell: Teleport Other
  3721 | D:4      | Found a blossoming altar of Fedhas.
  4120 | D:4      | Reached skill level 5 in Spellcasting
  4123 | D:4      | Killed a wyvern
  4124 | D:4      | Reached skill level 1 in Fighting
  4369 | D:5      | Entered Level 5 of the Dungeon
  4369 | D:5      | Found Ilithaiw's Jewellery Shop.
  4386 | D:5      | Found a staircase to the Ecumenical Temple.
  4393 | D:5      | Identified the +1 ring mail of the Soldier {Regen+}
  4396 | Temple   | Entered the Ecumenical Temple
  4472 | Temple   | Became a worshipper of Ashenzari the Shackled
  4491 | D:5      | Reached XP level 8. HP: 52/55 MP: 0/0
  4514 | D:5      | Reached skill level 6 in Spellcasting
  4514 | D:5      | Reached skill level 1 in Evocations
  4560 | D:5      | Found a sand-covered staircase.
  4565 | Ossuary  | Entered an ossuary
  4979 | Ossuary  | HP: 1/56 [elf zombie (4)]
  4981 | Ossuary  | Slain by an elf zombie

Illustrated notes

Levels and vault maps discovered:
D:1:      psy_arrival_whirlpool, layout_basic
D:2:      layout_rooms, hellmonk_ecumenical_altar_run_dry, basic_altar,
          chequers_serial_rivers_room_b
D:3:      layout_basic, chequers_serial_rivers_marsh, st_stairs_3
D:4:      layout_loops_ring, fedhas_altar_fruit_tree,
          gammafunk_temple_overflow_arena, serial_shops, shop
D:5:      layout_loops_cross, minmay_temple_entry_antechambers, enter_ossuary_2,
          serial_shops, shop, minmay_misc_feat_room
Temple:   nicolae_temple_god_jail
Ossuary:  ossuary_tomb_1

Skill      XL: |  1  2  3  4  5  6  7  8 |
---------------+-------------------------+-----
Stealth        | 2 3 |  3.0
Spellcasting   | 3 4 5 6 |  6.1
Dodging        | 3 4 |  4.0
Fighting       | 2 3 |  3.0
Evocations     | 1 |  1.7

Action                   |  1- 3 |  4- 6 |  7- 9 || total
-------------------------+-------+-------+-------++-------
Melee: Unarmed           |     1 |       |       ||     1
       Short sword       |     3 |       |       ||     3
       Staff             |       |    24 |    52 ||    76
       Punch             |       |       |     1 ||     1
 Cast: Foxfire           |    53 |    33 |    50 ||   136
       Scorch            |     4 |    16 |    10 ||    30
       Sandblast         |       |     7 |       ||     7
       Conjure Flame     |       |     2 |     4 ||     6
       Flame Wave        |       |       |     4 ||     4
  Use: Scroll            |     2 |     3 |     1 ||     6
 Stab: Sleeping          |       |       |     1 ||     1
Armor: Robe              |     6 |     4 |     6 ||    16
Dodge: Dodged            |    11 |    17 |    68 ||    96
